AoeStats
← Froschwetter

Hill Fort

505893647Analyzed
4v4 RM · 21d ago on Sep 11, 2026· 51m 48s· 8 players
Game mode
Random Map
Map size
Large (8 player)
Population
200
Speed
Normal
Resources
Standard
Victory
Conquest
Starting age
Dark Age
Ending age
Imperial Age
RankedLock teamsTeams togetherTeam positionsShared explorationLock speedFull tech treeHidden civsTurbo modeCheats
Victory
Defeat
1441
+13
🇫🇷 Magyars · France
1435
+13
🇩🇪 Britons · Germany
1415
+14
🇫🇷 Hindustanis · France
1414
+14
🇦🇷 Bulgarians · Argentina
1463
-16
🇦🇷 Cumans · Argentina
1432
-16
🇨🇳 Slavs · China
1354
-13
🇨🇳 Bohemians · China
1240
-9
nonoleboss
9:47 Feudal Age
10:51 Double-Bit Axe
10:51 Horse Collar
15:14 Forging
17:35 Wheelbarrow
20:23 Castle Age
18:58 Scale Barding Armor
20:57 Light Cavalry
21:39 Husbandry
23:53 Bow Saw
25:35 Loom
26:23 Bloodlines
26:41 Chain Barding Armor
26:56 Iron Casting
30:05 Hand Cart
30:11 Hand Cart
29:41 Town Watch
35:08 Imperial Age
35:58 Padded Archer Armor
37:00 Chemistry
36:08 Shatagni
36:28 Conscription
38:01 Plate Barding Armor
38:02 Siege Engineers
39:37 Fletching
40:03 Leather Archer Armor
40:06 Scale Mail Armor
40:02 Fletching
44:29 Leather Archer Armor
44:10 Bodkin Arrow
44:16 Scale Mail Armor
46:45 Heavy Camel Rider
48:30 Blast Furnace
48:31 Imperial Camel Rider
50:53 Coinage
51:04 Bracer
51:19 Chain Mail Armor
51:35 Ring Archer Armor
Wizo
6:56 Loom
9:31 Feudal Age
10:10 Double-Bit Axe
15:03 Wheelbarrow
14:12 Horse Collar
19:09 Castle Age
17:55 Gold Mining
22:56 Scale Barding Armor
24:49 Bloodlines
25:03 Bow Saw
26:43 Heavy Plow
28:30 Hand Cart
29:52 Gold Shaft Mining
29:15 Stone Mining
30:16 Town Watch
32:28 Husbandry
35:00 Imperial Age
32:54 Chain Barding Armor
32:25 Fletching
34:32 Bodkin Arrow
34:42 Corvinian Army
35:07 Cavalier
36:29 Plate Barding Armor
35:55 Bracer
36:58 Chemistry
36:18 Ballistics
36:09 Masonry
35:47 Treadmill Crane
36:21 Masonry
37:47 Paladin
39:45 Padded Archer Armor
41:12 Coinage
43:40 Elite Magyar Huszar
44:41 Conscription
44:47 Conscription
52:25 Siege Engineers
Froschwetter
10:24 Feudal Age
11:37 Loom
12:11 Loom
13:47 Town Watch
18:20 Castle Age
16:14 Double-Bit Axe
16:39 Horse Collar
17:07 Scale Mail Armor
17:01 Fletching
17:13 Padded Archer Armor
17:26 Gold Mining
19:05 Wheelbarrow
18:31 Crossbowman
19:33 Bodkin Arrow
21:07 Leather Archer Armor
28:50 Hand Cart
31:03 Ballistics
31:09 Bow Saw
31:37 Gold Shaft Mining
31:16 Forging
31:12 Scale Barding Armor
31:10 Heavy Plow
31:59 Stone Mining
32:27 Masonry
35:56 Imperial Age
35:16 Yeomen
37:19 Bracer
37:20 Arbalester
39:15 Conscription
40:08 Ring Archer Armor
41:57 Architecture
42:29 Chemistry
42:27 Warwolf
46:18 Conscription
46:36 Hoardings
48:14 Hoardings
47:01 Elite Longbowman
49:19 Caravan
憂鬱的蛞蝓貓盪鞦韆
10:51 Feudal Age
11:04 Loom
12:25 Double-Bit Axe
15:14 Castle Age
14:04 Fletching
15:53 Bodkin Arrow
21:51 Town Watch
24:37 Horse Collar
29:12 Wheelbarrow
30:44 Padded Archer Armor
32:03 Husbandry
33:15 Ballistics
34:11 Leather Archer Armor
34:07 Bloodlines
38:49 Imperial Age
36:46 Bow Saw
36:36 Gold Mining
36:38 Stone Mining
39:36 Hand Cart
39:32 Bracer
40:33 Chemistry
39:39 Silk Armor
42:20 Conscription
46:10 Ring Archer Armor
47:45 Heavy Cavalry Archer
48:39 Pikeman
49:19 Squires
50:30 Forging
50:20 Scale Mail Armor
Juanki
5:23 Loom
8:32 Loom
10:34 Feudal Age
15:28 Castle Age
14:25 Double-Bit Axe
15:25 Scale Mail Armor
15:48 Pikeman
19:36 Forging
31:39 Gold Mining
32:08 Town Watch
33:55 Wheelbarrow
33:20 Town Patrol
34:35 Bow Saw
34:10 Horse Collar
36:29 Iron Casting
36:09 Chain Mail Armor
36:29 Stone Mining
38:33 Gold Shaft Mining
38:33 Stone Shaft Mining
39:16 Squires
39:02 Gambesons
39:42 Hand Cart
40:48 Stone Shaft Mining
40:15 Heavy Plow
42:15 Scale Barding Armor
45:19 Imperial Age
42:50 Stirrups
43:00 Husbandry
43:25 Bloodlines
44:30 Chain Barding Armor
44:38 Light Cavalry
45:21 Cavalier
47:04 Blast Furnace
46:39 Plate Barding Armor
47:34 Plate Barding Armor
47:51 Capped Ram
47:51 Heavy Scorpion
49:56 Caravan
49:35 Siege Ram
51:52 Plate Mail Armor
83716497273
10:55 Feudal Age
14:40 Castle Age
12:26 Double-Bit Axe
13:15 Horse Collar
15:32 Bow Saw
16:56 Wheelbarrow
17:09 Heavy Plow
24:00 Loom
27:38 Ballistics
27:53 Pikeman
28:34 Squires
31:01 Detinets
31:31 Gold Mining
35:20 Imperial Age
33:24 Hand Cart
32:54 Town Watch
33:17 Scale Mail Armor
34:33 Gold Shaft Mining
33:49 Stone Mining
35:10 Chain Mail Armor
35:05 Forging
36:06 Forging
35:29 Halberdier
35:34 Capped Ram
37:02 Plate Mail Armor
37:07 Iron Casting
36:53 Siege Engineers
37:49 Hoardings
37:37 Conscription
37:41 Masonry
38:16 Murder Holes
39:08 Crop Rotation
39:39 Two-Man Saw
40:33 Blast Furnace
39:43 Fletching
40:43 Bodkin Arrow
41:53 Chemistry
42:33 Siege Ram
43:28 Druzhina
45:31 Onager
45:33 Heavy Scorpion
49:01 Siege Onager
49:33 Town Watch
2307972140
8:11 Feudal Age
8:40 Double-Bit Axe
8:36 Horse Collar
8:59 Horse Collar
10:43 Loom
16:31 Wheelbarrow
21:03 Castle Age
19:02 Town Watch
19:55 Fletching
20:42 Stone Mining
22:06 Bow Saw
22:09 Bodkin Arrow
22:20 Heavy Plow
22:38 Gold Mining
29:06 Hand Cart
33:36 Imperial Age
31:55 Ballistics
31:51 Steppe Husbandry
32:01 Padded Archer Armor
32:52 Gold Shaft Mining
33:09 Leather Archer Armor
33:14 Masonry
33:09 Town Patrol
33:48 Thumb Ring
33:55 Bloodlines
34:40 Conscription
34:23 Cuman Mercenaries
35:29 Two-Man Saw
35:48 Chemistry
34:40 Elite Kipchak
34:52 Light Cavalry
36:49 Ring Archer Armor
36:27 Scale Barding Armor
36:32 Forging
36:02 Hussar
38:08 Chain Barding Armor
39:33 Plate Barding Armor
40:21 Hoardings
39:35 Elite Steppe Lancer
41:01 Iron Casting
43:27 Blast Furnace
45:15 Murder Holes
45:15 Cavalier
47:11 Paladin
FM
11:41 Feudal Age
12:06 Double-Bit Axe
12:15 Horse Collar
23:30 Castle Age
23:52 Fletching
24:47 Bodkin Arrow
25:07 Bow Saw
26:42 Padded Archer Armor
32:40 Caravan
32:53 Scale Mail Armor
33:19 Pikeman
35:04 Fervor
35:33 Fishing Lines
36:43 Gillnets
39:45 Wheelbarrow
42:28 Imperial Age
41:10 Chemistry
42:56 Houfnice
45:36 Two-Man Saw
45:12 Squires
44:34 Halberdier
45:48 Chain Mail Armor
46:12 Forging
46:06 Elite Skirmisher
47:06 Bracer
47:21 Leather Archer Armor
47:44 Conscription
49:59 Hand Cart
50:23 Siege Engineers
Connection lost

Rejoining the realm…

Still unreachable

The connection could not be restored.

Session expired

The server has moved on; the page needs a fresh start.